 Dungeon Crawl Stone Soup version 0.30.1-4-g462c640d31 (webtiles) character file.

Game seed: 6621643092693088706

334 Descartes the Shield-Bearer (level 6, -1/32 HPs)
             Began as a Vine Stalker Fighter on Aug 16, 2023.
             Was an Initiate of Gozag.
             Succumbed to a gnoll sergeant's poison
             ... on level 3 of the Dungeon.
             The game lasted 00:05:36 (1918 turns).

Descartes the Shield-Bearer (Vine Stalker Fighter)  Turns: 1918, Time: 00:05:36

Health: -1/32      AC: 15    Str: 21    XL:     6   Next: 53%
Magic:  4/10       EV:  6    Int:  8    God:    Gozag
Gold:   291        SH: 13    Dex: 13    Spells: 9/9 levels left

rFire   . . .        a - +0 war axe
rCold   . . .        x - +0 kite shield
rNeg    . . .        n - +0 chain mail
rPois   .            g - +0 helmet
rElec   .            h - +0 cloak
rCorr   .            (no gloves)
SInv    .            (no boots)
Will    .....        b - amulet of reflection Stlth
                     p - +4 ring of protection
HPRegen 1.05/turn    (no ring)
MPRegen 0.12/turn

%: reflection, guardian spirit
@: lethally poisoned (-1 -> -9)
A: fangs 2, regeneration 1, magic shield, antimagic bite, no potion heal 2
a: Renounce Religion, Potion Petition, Call Merchant, Bribe Branch


You were on level 3 of the Dungeon.
You worshipped Gozag.
Gozag was aware of your devotion.
You visited 1 branch of the dungeon, and saw 3 of its levels.

You collected 332 gold pieces.
You paid 41 gold pieces to Gozag.

Inventory:

Hand Weapons
 a - a +0 war axe (weapon)
Missiles
 m - 5 poisoned darts (quivered)
Armour
 g - a +0 helmet (worn)
 h - a +0 cloak (worn)
 n - a +0 chain mail (worn)
 x - a +0 kite shield (worn)
Jewellery
 b - an amulet of reflection (around neck)
 c - the ring of Luroxt {Fire Str-3 Int+6 Dex+2 Stlth+}
   (You took it off an orc on level 3 of the Dungeon)

   [ring of fire]

   It enhances your fire magic.
   Str:       It affects your strength (-3).
   Int:       It affects your intelligence (+6).
   Dex:       It affects your dexterity (+2).
   rF:        It protects you from fire.
   rC:        It makes you vulnerable to cold.
   Stlth:     It makes you more stealthy.
 p - a +4 ring of protection (left hand)
Scrolls
 i - 3 scrolls of identify {unknown}
 j - 2 scrolls of blinking {unknown}
 k - 2 scrolls of fear {unknown}
 o - 2 scrolls of teleportation {unknown}
 q - a scroll of torment {unknown}
 u - a scroll of fog {unknown}
 w - a scroll of enchant armour {unknown}
Potions
 d - a potion of might
 e - a potion of berserk rage {unknown}
 f - a potion of heal wounds
 l - 2 potions of haste {unknown}
 r - a potion of cancellation {unknown}
 s - 3 potions of mutation {unknown}
 t - a potion of flight {unknown}
 v - 2 potions of attraction {unknown}


   Skills:
 + Level 3.5 Fighting
 + Level 2.9 Axes
 + Level 3.2 Armour
 + Level 3.6 Shields
 + Level 2.2 Spellcasting
 + Level 2.1 Evocations


You had 9 spell levels left.
You didn't know any spells.
Your spell library was empty.

Dungeon Overview and Level Annotations

Branches:
Dungeon (3/15)

Altars:
Gozag

Shops:
D:3 [


Innate Abilities, Weirdness & Mutations

You have extremely sharp teeth.
Your natural rate of healing is unusually fast.
When hurt, damage is shared between your health and your magic reserves.
Your bite disrupts and absorbs the magic of your enemies.
Potions cannot restore your health.


Message History

The gnoll is distracted by your dazzling golden aura.
The orc hits you but does no damage. You block the gnoll sergeant's attack.
Unknown command.
You hit the gnoll sergeant but do no damage.
Your bite misses the gnoll sergeant. You barely miss the orc.
You block the gnoll's attack.
The gnoll sergeant hits you with a +2 trident of venom!
You are poisoned.
You block the orc's attack.
The orc is distracted by your dazzling golden aura.
You block the orc's attack.
The gnoll sergeant hits you but does no damage.
You are lethally poisoned!
The gnoll hits you from afar with a +2 heavy halberd.
You are too injured to fight recklessly!
Unknown command.
You are too injured to fight recklessly!
Unknown command.
You closely miss the orc. You bite the orc!
You kill the orc!
You closely miss the gnoll sergeant.
* * * LOW HITPOINT WARNING * * *
You feel extremely sick.
The orc is no longer distracted by gold.
The gnoll sergeant is distracted by your dazzling golden aura.
You block the gnoll's attack.
The gnoll sergeant shouts!
It was a potion of heal wounds.
That seemed strangely inert.
* * * LOW HITPOINT WARNING * * *
You feel very sick.
The gnoll is no longer distracted by gold.
The gnoll sergeant is no longer distracted by gold.
You block the gnoll sergeant's attack.
The gnoll is distracted by your dazzling golden aura.
The orc closely misses you.
Okay, then.
Unknown command.
The orc attacks as you move away! The orc hits you but does no damage.
You die...
Your body crumbles into a pile of gold.

≈~≈~~~~~≈~≈~~≈~~....~~≈≈≈~~≈~≈≈~≈
~≈≈≈≈≈≈≈≈≈≈≈≈≈≈~....~~≈≈≈≈~≈≈≈≈≈~
####~~~~≈~≈~~~~~....~~~~~~~~~~~≈#
oo.#............................#
...#############''''#############
##+# #....# # .# #....# . .# $
#....# .# #@.$.# .# #....# .#
...ggggo...+ .# $ ......'....+ .#
......#8..8# .# ############
##+#$ #
...############################+#
.g.#............................#


You could see a gnoll sergeant and an orc.

Vanquished Creatures
  Sigmund (D:3)
  A hound (D:3)
  An iguana (D:3)
  A gnoll (D:3)
  3 adders (D:3)
  A worm (D:2)
  A dart slug (D:2)
  6 orcs (D:3)
  3 endoplasms
  2 giant cockroaches
  3 hobgoblins
  13 jackals (D:3)
  2 quokkas
  7 ball pythons
  A bat (D:1)
  4 frilled lizards
  3 goblins
  4 kobolds
  5 rats
62 creatures vanquished.

Notes
Turn   | Place    | Note
-------+----------+-------------------------------------------
     0 | D:1      | Descartes the Vine Stalker Fighter began the quest for the
                  | Orb.
     0 | D:1      | Reached XP level 1. HP: 11/11 MP: 2/2
   179 | D:1      | Reached XP level 2. HP: 16/16 MP: 3/3
   816 | D:2      | Reached XP level 3. HP: 17/19 MP: 4/4
  1018 | D:2      | Found an opulent altar of Gozag.
  1030 | D:2      | Became a worshipper of Gozag Ym Sagoz the Greedy
  1470 | D:3      | Reached skill level 1 in Spellcasting
  1470 | D:3      | Reached skill level 1 in Evocations
  1503 | D:3      | Noticed Sigmund
  1513 | D:3      | Gained mutation: Your natural rate of healing is unusually
                  | fast. [Vine Stalker growth]
  1513 | D:3      | Reached XP level 4. HP: 22/24 MP: 4/6
  1549 | D:3      | Killed Sigmund
  1550 | D:3      | Reached XP level 5. HP: 19/28 MP: 2/8
  1550 | D:3      | Reached XP level 6. HP: 22/32 MP: 2/9
  1701 | D:3      | Found Dimidd's Antique Armour Boutique.
  1883 | D:3      | Identified the ring of Luroxt {Fire Str-3 Int+6 Dex+2
                  | Stlth+}
  1917 | D:3      | HP: 1/32 [poisoned by a gnoll sergeant]
  1918 | D:3      | Succumbed to a gnoll sergeant's poison

Illustrated notes

Levels and vault maps discovered:
D:1:      dpeg_arrival_tiny_h, layout_rooms
D:2:      layout_loops_corners, basic_altar, hangedman_decor_growths
D:3:      lemuel_castle_with_subvaults [lemuel_castle_interior_carwin_2],
          layout_rooms, serial_shops, nicolae_diamond_shop, uniq_sigmund

Skill      XL: |  1  2  3  4  5  6 |
---------------+-------------------+-----
Axes           | 2 |  2.9
Shields        | 3 |  3.6
Fighting       | 3 |  3.5
Spellcasting   | 1 2 |  2.2
Evocations     | 1 2 |  2.1
Armour         | 3 |  3.2

Action                     |  1- 3 |  4- 6 || total
---------------------------+-------+-------++-------
  Melee: War axe           |    77 |    84 ||   161
         Bite              |    25 |    17 ||    42
    Use: Potion            |       |     1 ||     1
   Stab: Distracted        |       |     1 ||     1
 Armour: Chain mail        |    25 |    57 ||    82
         Scale mail        |     1 |       ||     1
  Dodge: Dodged            |    26 |    22 ||    48
  Block: Buckler           |    26 |    20 ||    46
         Reflection        |     2 |       ||     2
         Kite shield       |       |    37 ||    37
